 Dungeon Crawl Stone Soup version 0.31-a0-986-g5e6e4ef867 (webtiles) character file.

Game seed: 5222240686203141628

115 croobank the Sneak (level 5, -7/36 HPs)
             Began as an Octopode Delver on Nov 9, 2023.
             Was an Initiate of Gozag.
             Mangled by an ogre
             ... wielding a +0 giant club
              (18 damage)
             ... on level 4 of the Dungeon.
             The game lasted 00:07:18 (2728 turns).

croobank the Sneak (Octopode Delver)                Turns: 2728, Time: 00:07:18

Health: -7/36      AC:  1    Str: 24    XL:     5   Next: 0%
Magic:  7/7        EV: 13    Int: 14    God:    Gozag
Gold:   378        SH:  0    Dex: 13    Spells: 6/7 levels left

rFire   . . .        v - +0 hand axe
rCold   . . .        (no shield)
rNeg    . . .        (helmet restricted)
rPois   .            (no amulet)
rElec   .            d - +6 ring of strength
rCorr   .            u - +6 ring of strength
SInv    .            (no ring)
Will    .....        (no ring)
Stlth   ++++         (no ring)
HPRegen 0.26/turn    (no ring)
MPRegen 0.10/turn    (no ring)
                     (no ring)

%: no passive effects
@: gold aura
A: almost no armour, amphibious, 8 rings, camouflage 1, gelatinous body 1,
(nimble swimmer 1), tentacles
a: Renounce Religion, Potion Petition, Call Merchant, Bribe Branch


You were on level 4 of the Dungeon.
You worshipped Gozag.
Gozag was aware of your devotion.
You visited 1 branch of the dungeon, and saw 7 of its levels.

You collected 423 gold pieces.
You paid 45 gold pieces to Gozag.

Inventory:

Hand Weapons
 a - a +0 short sword
 v - a +0 hand axe (weapon)
 w - a +0 rapier
Missiles
 j - 4 atropa-tipped darts
 s - 12 poisoned darts
Armour
 r - an orb of mayhem
Jewellery
 d - a +6 ring of strength (left tentacle)
 u - a +6 ring of strength (right tentacle)
Talismans
 x - a flux talisman
Wands
 c - a wand of iceblast (2)
 f - a wand of digging (2)
Scrolls
 b - a scroll of fog
 g - 2 scrolls of enchant armour {unknown}
 h - 3 scrolls of teleportation {unknown}
 i - 4 scrolls of identify {unknown}
 k - 2 scrolls of vulnerability {unknown}
 l - 2 scrolls of enchant weapon {unknown}
 m - a scroll of poison {unknown}
 q - a scroll of amnesia {unknown}
 y - a scroll of summoning {unknown}
 z - a scroll of fear
Potions
 e - a potion of haste
 n - 2 potions of might {unknown}
 o - a potion of enlightenment {unknown}
 p - a potion of attraction {unknown}
 t - 2 potions of lignification {unknown}


   Skills:
 + Level 3.4 Fighting
 + Level 2.6 Short Blades
 + Level 2.8 Dodging
 + Level 7.1 Stealth
 * Level 1.5 Spellcasting
 * Level 1.4 Ice Magic


You had 6 spell levels left.
You knew the following spells:

 Your Spells              Type           Power      Damage    Failure   Level
a - Freeze                Ice            20%        1d4       14%         1

Your spell library contained the following spells:

 Spells                   Type           Power      Damage    Failure   Level
 Apportation              Tloc           2%         N/A       26%         1
 Necrotise                Necr           4%         1d4       26%         1
 Sandblast                Erth           2%         2d4       26%         1
 Summon Small Mammal      Summ           4%         N/A       26%         1
 Ensorcelled Hibernation  Hex/Ice        6%         N/A       28%         2
 Blink                    Tloc           2%         N/A       36%         2
 Lesser Beckoning         Tloc           2%         N/A       36%         2
 Momentum Strike          Conj/Tloc      2%         3d8       36%         2
 Passwall                 Tmut/Erth      0%         N/A       36%         2
 Frozen Ramparts          Ice            10%        1d2       38%         3
 Hailstorm                Conj/Ice       3%         3d3       50%         3
 Stone Arrow              Conj/Erth      2%         3d7       58%         3
 Swiftness                Air            1%         N/A       58%         3
 Brom's Barrelling Bould  Conj/Erth      1%         2d3       94%         4


Dungeon Overview and Level Annotations

Branches:
Dungeon (7/15)
 Temple: D:4-7

Altars:
Elyvilon
Gozag
Nemelex Xobeh
Trog
Uskayaw
Xom
Zin
The Shining One


Innate Abilities, Weirdness & Mutations

You cannot wear most types of armour.
You are amphibious.
You can wear up to eight rings at the same time.
Your skin changes colour to match your surroundings (Stealth+).
Your rubbery body absorbs attacks. (AC +1, EV +1)
((You are camouflaged when in or above water. (Stealth+)))
You have tentacles for arms and can constrict up to eight enemies at once.


Message History

n - 2 coppery potions (gained 1)
An ogre comes into view. It is wielding a +0 giant club.
You see here a +0 dagger.
There are monsters nearby!
The orc completely misses you.
You hit the orc. You grab the orc.
The orc is lightly wounded.
You constrict the orc. The orc closely misses you.
The ogre hits you with a +0 giant club. The orc barely misses you.
You slash the orc!
You kill the orc!
You closely miss the ogre.
You have reached level 5!
You feel stronger.
You hit the ogre.
The ogre is lightly wounded.
The ogre closely misses you.
You closely miss the ogre.
The goblin shouts!
Your squeeze misses the ogre.
The ogre is lightly wounded.
You hear a shout!
The ogre closely misses you.
You hit the ogre.
The ogre is moderately wounded.
The ogre hits you with a +0 giant club!!
Ouch! That really hurt!
* * * LOW HITPOINT WARNING * * *
You closely miss the ogre. You squeeze the ogre!
The ogre is almost dead.
The goblin is distracted by your dazzling golden aura.
The ogre closely misses you.
The goblin shouts!
You hit the ogre.
The ogre is almost dead.
You hear a shout! x3
The ogre hits you with a +0 giant club!!
Ouch! That really hurt!
You die...
Your body crumbles into a pile of gold.

# *,,*,,,,,*,,,,,
###################.#...,,,,,,,,,
........#...............,,,,,,,,,
#.................!.....,,,,*,,,,
###.....................,,,**,,,,
#.....#...............,,,,,,,,, #
#####.................,,,,,,,,. #
#............$......,,,,*,,,,
#####.###.......@O.........o...o.
...#..###......)........,...#.#..
.....%..................,,.......
.########.###.....##....###.#...*
..## #.##!...g.#,....#......#*
...### #.##......#,*#...[#.#..#
.....####.##..##..............##
..<..........#.....#.**,#......##
............##.....#,#*,#.#.##...


You could see an ogre and a goblin.

Vanquished Creatures
  5 adders
  A worm (D:2)
  A dart slug (D:1)
  8 orcs
  3 bats
  4 endoplasms
  A giant cockroach (D:1)
  5 goblins
  5 hobgoblins
  7 jackals
  4 quokkas
  4 ball pythons
  A frilled lizard (D:2)
  A rat (D:3)
  3 butterflies (D:3)
53 creatures vanquished.

Notes
Turn   | Place    | Note
-------+----------+-------------------------------------------
     0 | D:5      | croobank the Octopode Delver began the quest for the Orb.
     0 | D:5      | Reached XP level 1. HP: 16/16 MP: 1/1
     5 | D:5      | Reached XP level 2. HP: 21/21 MP: 2/2
    60 | D:7      | Noticed a kobold brigand
   124 | D:5      | Found a bloodstained altar of Trog.
   160 | D:5      | Found an opulent altar of Gozag.
   163 | D:5      | Noticed a scorpion
   382 | D:5      | Became a worshipper of Gozag Ym Sagoz the Greedy
   421 | D:4      | Found a shimmering altar of Xom.
   497 | D:3      | Learned a level 1 spell: Freeze
   513 | D:3      | Reached XP level 3. HP: 21/26 MP: 3/3
   777 | D:1      | Reached skill level 7 in Stealth
  1401 | D:2      | Reached skill level 1 in Ice Magic
  1490 | D:2      | Reached XP level 4. HP: 31/31 MP: 5/5
  1517 | D:2      | Reached skill level 1 in Spellcasting
  1610 | D:2      | Found a shimmering altar of Xom.
  2056 | D:3      | Found a sparkling altar of Nemelex Xobeh.
  2225 | D:3      | Found a faded altar of an unknown god.
  2528 | D:3      | Found a glowing silver altar of Zin.
  2528 | D:3      | Found a white marble altar of Elyvilon.
  2529 | D:3      | Found a glowing golden altar of the Shining One.
  2635 | D:4      | Noticed a +0 dagger
  2635 | D:4      | Noticed a +0 dagger
  2636 | D:4      | Found a hide-covered altar of Uskayaw.
  2719 | D:4      | Noticed an ogre
  2724 | D:4      | Reached XP level 5. HP: 31/36 MP: 7/7
  2728 | D:4      | Mangled by an ogre

Illustrated notes

Levels and vault maps discovered:
D:1:      zaba_arrival_water, layout_loops_ring
D:2:      layout_basic, basic_altar
D:3:      layout_basic, good_gods_temple_1, mainiacjoe_overflow_catwalk,
          shapermc_ecumenical_altar_gd, chequers_mini_garden,
          chequers_serial_rivers_marsh, hangedman_glass_garden
D:4:      layout_rooms, nicolae_vehumet_radiance, dancing_weapons_uskayaw,
          nicolae_overflow_hidden_temple, uniq_menkaure
D:5:      lemuel_insect_pit, layout_gridville, old_standard_altar,
          trog_three_pillars_becter, makhleb_altar_promises_db,
          corexii_corridor_pit, nicolae_stop_n_shop_1,
          hangedman_decor_diamond_cutter, grunt_ministairs_11
D:6:      kennysheep_six_static_rooms, layout_loops_corners, okawaru_gym_becter,
          nicolae_ru_path_of_blood, mainiacjoe_overflow_tiny_flanked,
          minmay_temple_entry_trees, minmay_nine_imps, uniq_prince_ribbit1
D:7:      layout_basic, lemuel_round_altar, kennysheep_generic_room_15

Skill      XL: |  1  2  3  4 |
---------------+-------------+-----
Stealth        | 7 |  7.1
Ice Magic      | 1 |  1.4
Spellcasting   | 1 |  1.5
Fighting       | |  3.4
Short Blades   | |  2.6
Dodging        | |  2.8

Action                     |  1- 3 |  4- 6 || total
---------------------------+-------+-------++-------
  Melee: Short sword       |    50 |    18 ||    68
         Tentacles         |    12 |    13 ||    25
         Constrict         |    13 |    18 ||    31
         Punch             |     1 |       ||     1
         Hand axe          |       |    37 ||    37
  Evoke: Wand              |     1 |       ||     1
    Use: Scroll            |     2 |       ||     2
   Stab: Sleeping          |    10 |     7 ||    17
         Distracted        |     1 |     2 ||     3
 Armour: Skin              |    16 |    16 ||    32
  Dodge: Dodged            |    36 |    30 ||    66

Table legend: (Time is in decaauts)
 A = Elapsed time spent in this place.
 B = Non-inter-level travel time spent in this place.
 C = Inter-level travel time spent in this place.
 D = Time resting spent in this place.
 E = Time spent auto-exploring this place.
 F = Levels seen in this place.
 G = Mean time per level.
                   A        B        C        D        E       F      G
               +--------+--------+--------+--------+--------+-----+--------+
         Total |   2732 |   2525 |    207 |     91 |   1748 |   7 |  390.3 |
       Dungeon |   2732 |   2525 |    207 |     91 |   1748 |   7 |  390.3 |
               +--------+--------+--------+--------+--------+-----+--------+

Top non-repeatable levels by time:
     D:1: 766 daAuts
     D:2: 686 daAuts
     D:3: 662 daAuts
     D:5: 341 daAuts
     D:4: 197 daAuts
     D:7: 52 daAuts
     D:6: 24 daAuts
